 Dungeon Crawl Stone Soup version 0.28-a0-1387-g3a22ab9bdc (webtiles) character file.

Game seed: 4517115246302331856

5142 Conn the Covert (level 10, -2/91 HPs)
             Began as an Octopode Fire Elementalist on Jan 2, 2022.
             Was a Follower of Sif Muna.
             Killed by refrigeration
             ... invoked by Fannar
              (12 damage)
             ... on level 10 of the Dungeon.
             The game lasted 00:33:26 (11723 turns).

Conn the Covert (Octopode Fire Elementalist)       Turns: 11723, Time: 00:33:26

Health: -2/91      AC:  8    Str: 14    XL:     10   Next: 58%
Magic:  1/20       EV: 13    Int: 28    God:    Sif Muna [*.....]
Gold:   368        SH:  5    Dex: 12    Spells: 3/22 levels left

rFire   + . .      SeeInvis +   i - +2 dagger (protect)
rCold   . . .      Faith    .   C - +1 buckler
rNeg    . . .      Spirit   .   (helmet restricted)
rPois   .          Reflect  .   (no amulet)
rElec   .          Harm     .   a - ring of protection from fire
rCorr   .          Rampage  .   o - +6 ring of intelligence
Will    .....                   q - ring of wizardry
Stlth   ..........              y - +6 ring of strength
HPRegen 0.25/turn               E - ring of see invisible
MPRegen 0.17/turn               (no ring)
                                (no ring)
                                (no ring)

@: berserking, under a protective aura, very quick
A: almost no armour, amphibious, 8 rings, camouflage 1, gelatinous body 1,
(nimble swimmer 1), tentacles
a: Renounce Religion, Channel Magic


You were on level 10 of the Dungeon.
You worshipped Sif Muna.
Sif Muna was aware of your devotion.
You visited 2 branches of the dungeon, and saw 11 of its levels.

You collected 368 gold pieces.

Inventory:

Hand Weapons
 b - the +6 spear of the Seven Knaves {drain, Dex+4}
   (You took it off an orc priest on level 7 of the Dungeon)

   A truly terrible weapon, it drains the life of any living foe it strikes.
   Dex:       It affects your dexterity (+4).
 c - a +0 dagger
 e - a +0 short sword
 i - a +2 dagger of protection (weapon)
Missiles
 u - 3 datura-tipped darts
Armour
 w - the +0 kite shield of Waobbyda {-Tele rElec rC++ Str+4}
   (You found it on level 5 of the Dungeon)

   Str:       It affects your strength (+4).
   rC:        It greatly protects you from cold.
   rElec:     It insulates you from electricity.
   -Tele:     It prevents most forms of teleportation.
 C - a +1 buckler (worn)
 D - an orb of guile
Jewellery
 a - a ring of protection from fire (left tentacle)
 o - a +6 ring of intelligence (right tentacle)
 q - a ring of wizardry (on tentacle)
 y - a +6 ring of strength (on tentacle)
 E - a ring of see invisible (on tentacle)
Wands
 A - a wand of iceblast (7)
Scrolls
 j - a scroll of enchant weapon {unknown}
 k - 2 scrolls of vulnerability {unknown}
 m - 2 scrolls of fog {unknown}
 p - 3 scrolls of teleportation
 r - a scroll of brand weapon {unknown}
 x - 2 scrolls of magic mapping
 B - a scroll of immolation
Potions
 d - a potion of resistance
 f - 5 potions of curing
 g - a potion of brilliance
 h - 3 potions of lignification {unknown}
 n - a potion of magic
 s - 2 potions of berserk rage
 t - 3 potions of flight {unknown}
 v - a potion of might {unknown}
 z - a potion of attraction {unknown}


   Skills:
 + Level 2.7 Fighting
 + Level 4.0 Short Blades
 + Level 1.1 Polearms
 + Level 3.6 Dodging
 + Level 8.5 Stealth
 * Level 2.9 Shields
 + Level 6.7 Spellcasting
 + Level 5.7 Conjurations
 + Level 2.7 Hexes
 * Level 3.6 Translocations
 + Level 7.4 Fire Magic


You had 3 spell levels left.
You knew the following spells:

 Your Spells              Type           Power      Damage    Failure   Level
a - Foxfire               Conj/Fire      100%       2x1d9     1%          1
b - Conjure Flame         Conj/Fire      46%        6-21      1%          3
c - Inner Flame           Hex/Fire       37%        N/A       1%          3
d - Flame Wave            Conj/Fire      46%        2d8       1%          4
e - Scorch                Fire           100%       2d10      1%          2
f - Blink                 Tloc           60%        N/A       1%          2
g - Fulminant Prism       Conj/Hex       16%        3d11      4%          4

Your spell library contained the following spells:

 Spells                   Type           Power      Damage    Failure   Level
 Magic Dart               Conj           100%       1d8       1%          1
 Searing Ray              Conj           82%        2d7       1%          2
 Ensorcelled Hibernation  Hex/Ice        34%        N/A       2%          2
 Tukima's Dance           Hex            24%        N/A       2%          3
 Spider Form              Tmut/Pois      9%         N/A       8%          3
 Passage of Golubria      Tloc           30%        N/A       6%          4
 Lightning Bolt           Conj/Air       12%        1d26      22%         5
 Airstrike                Air            4%         N/A       26%         4
 Summon Lightning Spire   Summ/Air       9%         N/A       26%         4
 Yara's Violent Unravell  Hex/Tmut       8%         3d5       38%         5
 Dispersal                Tloc           15%        N/A       61%         6
 Enfeeble                 Hex            12%        N/A       99%         7


Dungeon Overview and Level Annotations

Branches:
Dungeon (10/15)            Temple (1/1) D:7            Lair (0/6) D:8
    Orc: D:9-12

Altars:
Gozag
Sif Muna
Xom
Zin

Shops:
D:1 *

Annotations:
D:10 Fannar


Innate Abilities, Weirdness & Mutations

You cannot wear most types of armour.
You are amphibious.
You can wear up to eight rings at the same time.
Your skin changes colour to match your surroundings (Stealth+).
Your rubbery body absorbs attacks. (AC +1, EV +1)
((You are camouflaged when in or above water. (Stealth+)))
You have tentacles for arms and can constrict up to eight enemies at once.


Message History

Fannar is lightly wounded.
Fannar is engulfed in blazing flames.
Flame seeps out of Fannar.
Fannar hits you but does no damage. Fannar freezes you!
Okay, then.
Press: ? - help, . - travel You can't see that place. [the floor.] Unknown command.
A red film seems to cover your vision as you go berserk!
You feel yourself moving faster!
You feel mighty!
Fannar is engulfed in blazing flames.
Flame seeps out of Fannar.
Fannar gestures wildly while chanting.
Fannar drains the heat from the surrounding environment!
* * * LOW HITPOINT WARNING * * *
You hit Fannar but do no damage. Your grab misses Fannar.
Your squeeze misses Fannar.
Fannar is heavily wounded.
You closely miss Fannar. You grab Fannar. You squeeze Fannar, but do no damage.
Fannar is heavily wounded.
You constrict Fannar, but do no damage.
Fannar is no longer more vulnerable to fire.
Fannar is engulfed in blazing flames.
Flame seeps out of Fannar.
Fannar hits you with a staff of cold.
* * * LOW HITPOINT WARNING * * *
Fannar freezes you!
* * * LOW HITPOINT WARNING * * *
You release your grip on Fannar.
You are too berserk!
Unknown command.
You are too berserk!
You are too berserk!
You are too berserk!
Unknown command.
You are too berserk!
Unknown command.
You feel a strong urge to attack something.
Fannar is engulfed in blazing flames.
Flame seeps out of Fannar.
Fannar casts a spell.
Fannar drains the heat from the surrounding environment!
You die...

#####.######.#
+...O........
#.###.######.
###§# #.#<#
+.#§# #.#.#
#.e.# #.#.#
#.#.# #.#.#
e..#.# #.#.#
### #@# #.#.#
#.###.#.#
#.......#
#####...#
#...# #...#
#...# #...#
##...


You could see Fannar (inner flame).

Vanquished Creatures
  A two-headed ogre (D:10)
  Prince Ribbit (D:5)
  A wyvern (D:8)
  2 vampire mosquitoes (D:10)
  2 wargs (D:8)
  A water moccasin (D:8)
  4 orc warriors
  2 black bears
  2 ice beasts
  2 sky beasts
  The ghost of Stonecrops the Ducker, an amateur DrWn (D:3)
  A necrophage (D:5)
  An ogre (D:6)
  2 phantoms
  The ghost of Deminshera the Sneak, an amateur KoBr (D:3)
  A kobold brigand (D:6)
  A gnoll sergeant (D:7)
  A bullfrog (D:6)
  A scorpion (D:5)
  A water moccasin zombie (D:6)
  4 killer bees (D:10)
  4 wights (D:6)
  4 howler monkeys
  The ghost of niknal the Insei, a weakling OpTm (D:3)
  2 bullfrog zombies
  2 centaur zombies
  2 hounds
  5 jellies
  A bullfrog skeleton (D:7)
  11 orc priests
  3 iguanas
  A scorpion zombie (D:5)
  Natasha (thrice) (D:2)
  6 orc wizards
  2 killer bee zombies
  2 hound skeletons
  7 gnolls
  8 adders
  A shadow imp (D:6)
  2 white imps
  An adder zombie (D:5)
  A dart slug (D:4)
  35 orcs
  8 bats (D:1)
  2 endoplasms (D:1)
  3 giant cockroaches
  7 goblins
  2 hobgoblins
  A jackal (D:5)
  12 kobolds
  2 quokkas (D:1)
  10 ball pythons
  5 frilled lizards
  11 rats
200 creatures vanquished.

Vanquished Creatures (others)
  491 foxfires
  4 fulminant prisms
  4 withered plants (D:3)
499 creatures vanquished.

Grand Total: 699 creatures vanquished

Notes
Turn   | Place    | Note
-------+----------+-------------------------------------------
     0 | D:1      | Conn the Octopode Fire Elementalist began the quest for the
                  | Orb.
     0 | D:1      | Reached XP level 1. HP: 11/11 MP: 3/3
   190 | D:1      | Reached XP level 2. HP: 17/17 MP: 1/5
   753 | D:1      | Found a faded altar of an unknown god.
   836 | D:1      | Reached XP level 3. HP: 11/21 MP: 6/6
  1152 | D:1      | Found Dyrphuary's Assorted Antiques.
  1231 | D:2      | Reached skill level 3 in Stealth
  1249 | D:2      | Noticed Natasha
  1259 | D:2      | Killed Natasha
  1260 | D:2      | Reached XP level 4. HP: 27/27 MP: 7/7
  1346 | D:2      | You fall into a shaft and drop 2 floors!
  1348 | D:4      | Noticed a phantom
  1355 | D:4      | Learned a level 3 spell: Conjure Flame
  1359 | D:4      | Learned a level 3 spell: Inner Flame
  1555 | D:3      | Got the Reference Book on the Ensnaring Traveller
  1666 | D:2      | Noticed Natasha
  1674 | D:2      | Killed Natasha
  1741 | D:2      | Noticed Natasha
  1762 | D:2      | Killed Natasha
  1763 | D:2      | Reached skill level 1 in Short Blades
  1763 | D:2      | Reached skill level 4 in Stealth
  1763 | D:2      | Reached XP level 5. HP: 22/31 MP: 1/9
  2667 | D:3      | Found a runed translucent gate.
  2667 | D:3      | Found a runed translucent gate.
  2667 | D:3      | Found a runed translucent gate.
  2671 | D:3      | Noticed Deminshera's ghost (amateur KoBr)
  2671 | D:3      | Noticed niknal's ghost (weakling OpTm)
  2671 | D:3      | Noticed Stonecrops's ghost (amateur DrWn)
  2839 | D:3      | Learned a level 2 spell: Scorch
  2862 | D:3      | Killed Stonecrops's ghost
  2863 | D:3      | Reached skill level 5 in Stealth
  2863 | D:3      | Reached XP level 6. HP: 30/36 MP: 0/10
  3013 | D:3      | Killed niknal's ghost
  3014 | D:3      | Reached skill level 6 in Stealth
  3204 | D:3      | Killed Deminshera's ghost
  3350 | D:4      | Reached XP level 7. HP: 35/42 MP: 7/11
  4460 | D:5      | Entered Level 5 of the Dungeon
  4597 | D:5      | Reached skill level 7 in Stealth
  4930 | D:5      | Reached skill level 1 in Fighting
  5154 | D:5      | Reached skill level 1 in Hexes
  5154 | D:5      | Reached XP level 8. HP: 34/48 MP: 12/14
  5154 | D:5      | Identified the +0 kite shield of Waobbyda {-Tele rElec rC++
                  | Str+4}
  5370 | D:5      | Noticed Prince Ribbit
  5376 | D:5      | Killed Prince Ribbit
  5628 | D:5      | Reached skill level 5 in Fire Magic
  6319 | D:6      | Reached skill level 8 in Stealth
  6319 | D:6      | Reached skill level 5 in Spellcasting
  6319 | D:6      | Reached XP level 9. HP: 29/54 MP: 6/16
  6733 | D:6      | Found an opulent altar of Gozag.
  7174 | D:6      | Found a glowing silver altar of Zin.
  7564 | D:6      | Learned a level 4 spell: Flame Wave
  7567 | D:6      | Learned a level 2 spell: Blink
  7572 | D:6      | Learned a level 4 spell: Fulminant Prism
  8286 | D:7      | Reached skill level 1 in Translocations
  8382 | D:7      | Found a shimmering blue altar of Sif Muna.
  8382 | D:7      | Found a shimmering altar of Xom.
  8544 | D:7      | Reached skill level 5 in Conjurations
  8550 | D:7      | Identified the +6 spear of the Seven Knaves {drain, Dex+4}
  9189 | D:7      | Became a worshipper of Sif Muna the Loreminder
  9219 | D:7      | Found a staircase to the Ecumenical Temple.
  9225 | Temple   | Entered the Ecumenical Temple
  9439 | D:8      | Reached skill level 1 in Polearms
  9441 | D:8      | Reached XP level 10. HP: 60/60 MP: 19/19
  9443 | D:8      | Reached skill level 1 in Shields
  9541 | D:8      | Found a staircase to the Lair.
 11224 | D:10     | Entered Level 10 of the Dungeon
 11292 | D:10     | Reached * piety under Sif Muna
 11640 | D:10     | Noticed Fannar
 11663 | D:10     | Noticed a two-headed ogre
 11714 | D:10     | Killed a two-headed ogre
 11723 | D:10     | Killed from afar by Fannar

Illustrated notes

Levels and vault maps discovered:
D:1:      lemuel_arrival_lava_pool, layout_basic, serial_shops,
          nicolae_shop_hallway_stairs, dreamdust_ecumenical_altar_statues,
          kennysheep_pointless_box
D:2:      layout_basic, minmay_rat_gold_closets, uniq_natasha
D:3:      minmay_angry_zag, layout_rooms, gammafunk_ghost_cemetery
D:4:      layout_loops_corners
D:5:      layout_loops_corners, chequers_serial_rivers_micro_c,
          nrook_mini_backslash, minmay_puff, uniq_prince_ribbit1
D:6:      layout_loops_ring, pdpol_temple_overflow_zin_treasury_gozag_greed,
          chequers_serial_rivers_marsh, glass_columns_a, st_stairs_10
D:7:      layout_cave_pods, nicolae_overflow_hidden_temple,
          minmay_temple_entry_metal_lava
D:8:      layout_basic, erik_lair_orcish_takeover
D:9:      layout_basic, mainiacjoe_overflow_alcove_1, vehumet_statue,
          minmay_guarded_unrand_variability
D:10:     nicolae_cairo_tiling_large, layout_basic, corexii_corridor_pit,
          centaur_isle, uniq_fannar
Temple:   regret_index_temple_sphere_string

Skill      XL: |  1  2  3  4  5  6  7  8  9 10 |
---------------+-------------------------------+-----
Stealth        | 3 4 5 6 7 8 |  8.5
Short Blades   | 1 2 3 4 |  4.0
Conjurations   | 2 3 5 |  5.7
Spellcasting   | 3 4 5 6 |  6.7
Fire Magic     | 4 5 6 7 |  7.4
Fighting       | 1 2 |  2.7
Hexes          | 1 2 |  2.7
Dodging        | 3 |  3.6
Translocations | 2 3 |  3.6
Polearms       | 1 |  1.1
Shields        | 2 |  2.9

Action                   |  1- 3 |  4- 6 |  7- 9 | 10-12 || total
-------------------------+-------+-------+-------+-------++-------
Melee: Unarmed           |     4 |       |       |       ||     4
       Constrict         |     9 |     9 |    24 |     6 ||    48
       Dagger            |    25 |    50 |   123 |    40 ||   238
       Short sword       |    12 |       |       |       ||    12
       Tentacles         |     3 |     8 |    25 |     9 ||    45
       Spear             |       |       |    14 |       ||    14
 Cast: Foxfire           |    24 |    66 |   158 |    44 ||   292
       Conjure Flame     |       |     5 |    10 |     6 ||    21
       Inner Flame       |       |     3 |    14 |     8 ||    25
       Scorch            |       |       |     2 |    18 ||    20
       Fulminant Prism   |       |       |     2 |     2 ||     4
       Flame Wave        |       |       |     1 |       ||     1
       Blink             |       |       |       |     3 ||     3
Evoke: Wand              |       |       |     1 |       ||     1
  Use: Scroll            |       |     2 |     7 |     4 ||    13
       Potion            |       |       |       |     2 ||     2
 Stab: Sleeping          |     8 |     8 |    11 |     1 ||    28
Armor: Skin              |     5 |     8 |    29 |    15 ||    57
Dodge: Dodged            |    36 |    18 |    76 |    41 ||   171
Block: Buckler           |       |       |       |    10 ||    10

Table legend: (Time is in decaauts)
 A = Elapsed time spent in this place.
 B = Non-inter-level travel time spent in this place.
 C = Inter-level travel time spent in this place.
 D = Time resting spent in this place.
 E = Time spent auto-exploring this place.
 F = Levels seen in this place.
 G = Mean time per level.
                   A        B        C        D        E       F      G
               +--------+--------+--------+--------+--------+-----+--------+
         Total |  11727 |  11577 |    150 |    736 |   7840 |  11 | 1066.1 |
       Dungeon |  11725 |  11575 |    150 |    736 |   7840 |  10 | 1172.5 |
        Temple |      1 |      1 |      0 |      0 |      0 |   1 |    1.0 |
               +--------+--------+--------+--------+--------+-----+--------+

Top non-repeatable levels by time:
     D:6: 1956 daAuts
     D:7: 1667 daAuts
     D:8: 1584 daAuts
     D:5: 1454 daAuts
     D:4: 1291 daAuts
     D:1: 1208 daAuts
     D:3: 1149 daAuts
     D:2: 830 daAuts
    D:10: 436 daAuts
     D:9: 147 daAuts
  Temple: 1 daAuts
